 Dungeon Crawl Stone Soup version 0.20-a0-553-g9f38e11 (console) character file.

1063 nht the Grappler (level 8, -1/59 HPs)
             Began as a Black Draconian Transmuter on Feb 3, 2017.
             Was a Priest of Cheibriados.
             Slain by a centaur (6 damage)
             ... on level 5 of the Dungeon.
             The game lasted 00:09:51 (3799 turns).

nht the Grappler (Black Draconian Transmuter)       Turns: 3799, Time: 00:09:51

Health: -1/59      AC:  9    Str: 19    XL:     8   Next: 6%
Magic:  4/11       EV: 12    Int: 30    God:    Cheibriados [***...]
Gold:   186        SH:  0    Dex: 18    Spells: 2/11 levels left

rFire    . . .     SeeInvis .     - Unarmed
rCold    . . .     Gourm    .   (armour unavailable)
rNeg     . . .     Faith    .   (no shield)
rPois    .         Spirit   .   (helmet restricted)
rElec    +         Reflect  .   l - +2 cloak
rCorr    .         Harm     .   (no gloves)
MR       .....                  (no boots)
Stlth    ++........             (no amulet)
Regen    0.2/turn               d - +6 ring of intelligence
                                g - +3 ring of intelligence

@: very slightly contaminated, very slow
A: breathe lightning, unfitting armour, electricity resistance, cold-blooded, AC
+6
a: Breathe Lightning, Bend Time, Temporal Distortion, Renounce Religion


You were on level 5 of the Dungeon.
You worshipped Cheibriados.
Cheibriados was most pleased with you.
You were not hungry.

You visited 1 branch of the dungeon, and saw 5 of its levels.

You collected 186 gold pieces.

Inventory:

Missiles
 a - 61 arrows
Armour
 l - a +2 cloak (worn)
Jewellery
 d - a +6 ring of intelligence (right hand)
 g - a +3 ring of intelligence (left hand)
 h - an uncursed ring of ice
Scrolls
 e - a scroll of enchant armour
 p - a scroll of remove curse
 s - a scroll of recharging {unknown}
Potions
 k - 3 potions of cure mutation {unknown}
 m - a potion of heal wounds
 n - a potion of agility
 o - 2 potions of ambrosia
 r - a potion of might {unknown}
Books
 b - a book of Changes

   Spells                             Type                      Level
   a - Beastly Appendage              Transmutation                1
   b - Sticks to Snakes               Transmutation                2
   c - Spider Form                    Transmutation/Poison         3
   d - Ice Form                       Ice/Transmutation            4
   e - Blade Hands                    Transmutation                5
Comestibles
 c - 3 bread rations
 f - 4 fruits
 i - a royal jelly
 j - 6 chunks of flesh
 q - a meat ration


   Skills:
 - Level 1.1 Fighting
 - Level 1.7 Dodging
 * Level 8.3 Unarmed Combat
 - Level 2.0 Spellcasting
 + Level 5.7 Transmutations


You had 2 spell levels left.
You knew the following spells:

 Your Spells              Type           Power        Failure   Level  Hunger
a - Beastly Appendage     Tmut           #####.       1%          1    None
b - Spider Form           Tmut/Pois      ###.......   10%         3    ###....
c - Blade Hands           Tmut           #####.....   24%         5    ######.


Dungeon Overview and Level Annotations

Branches:
Dungeon (5/15)             Temple (0/1) D:4

Altars:
Cheibriados
Nemelex Xobeh
Xom


Innate Abilities, Weirdness & Mutations

You can breathe wild blasts of lightning.
Your glossy black scales are hard. (AC +6)
You cannot fit into any form of body armour.
You are resistant to electric shocks. (rElec)
You are cold-blooded and may be slowed by cold attacks.


Message History

You butcher the worker ant corpse.
j - 6 chunks of flesh (gained 1)
You see here a giant club.
The centaur is too close now for your liking.
Your transformation has ended.
Your +2 cloak unmelds from your body.
The centaur hits you but does no damage. x3
Casting: Spider Form
Confirm with . or Enter, or press ? or * to list all spells.
You miscast Blade Hands.
You are very lightly contaminated with residual magic.
Multicoloured lights dance before your eyes!
The centaur hits you.
* * * LOW HITPOINT WARNING * * *
You punch the centaur! You tail-slap the centaur.
The centaur is heavily wounded.
The centaur hits you!
* * * LOW HITPOINT WARNING * * *
The centaur hits you.
You die... █.███ ████

██ █..... ..█ █.
...████.█
█.███████...██.██
█.........█.█...██
██................ .
█)█...███..█...██
....████.█.).█ █..██.███
......c@.██.████..██.███
....███...█..)...<......
█ █...████.█..██████
...... █.█..█ █
.......██.█..█
.............█
███...████.█..█ █....
.....█ █.█.██


You could see a centaur.

Vanquished Creatures
  Grinder (D:3)
  Sigmund (D:2)
  2 ogres
  A centaur (D:5)
  A scorpion (D:4)
  An orc priest (D:3)
  Crazy Yiuf (D:2)
  Jessica (D:2)
  Terence (D:2)
  2 worker ants
  The ghost of Torious the Conjurer, a weakling DECj (D:3)
  Robin (D:2)
  3 gnolls (D:4)
  10 adders
  2 oozes (D:1)
  3 worms
  4 dart slugs
  6 leopard geckos
  4 orcs (D:3)
  10 bats
  A giant cockroach (D:5)
  15 goblins
  9 hobgoblins
  7 jackals
  2 quokkas
  A ball python (D:1)
  5 frilled lizards
  5 kobolds (D:2)
  14 rats
115 creatures vanquished.

Notes
Turn   | Place    | Note
-------+----------+-------------------------------------------
     0 | D:1      | nht the Draconian Transmuter began the quest for the Orb.
     0 | D:1      | Reached XP level 1. HP: 16/16 MP: 3/3
    32 | D:1      | Reached XP level 2. HP: 13/23 MP: 3/5
   316 | D:1      | Reached XP level 3. HP: 28/28 MP: 4/6
   483 | D:1      | Reached skill level 4 in Unarmed Combat
   785 | D:2      | Noticed Robin
   853 | D:2      | Noticed Sigmund
   862 | D:2      | Reached XP level 4. HP: 21/35 MP: 5/7
  1044 | D:2      | Noticed Jessica
  1059 | D:2      | Killed Jessica
  1068 | D:2      | Learned a level 3 spell: Spider Form
  1238 | D:3      | Reached XP level 5. HP: 17/40 MP: 2/8
  1267 | D:3      | Noticed Torious's ghost (weakling DECj)
  1268 | D:2      | Found a faded altar of an unknown god.
  1277 | D:2      | Became a worshipper of Cheibriados the Contemplative
  1277 | D:2      | Reached * piety under Cheibriados
  1343 | D:2      | Reached skill level 5 in Unarmed Combat
  1415 | D:2      | Killed Robin
  1416 | D:2      | HP: 1/40 [goblin[Robin] (4)]
  1421 | D:2      | HP: 1/40 [poisoned by an adder]
  1431 | D:1      | HP: 1/40 [poisoned by an adder]
  1785 | D:2      | Killed Sigmund
  1785 | D:2      | Reached skill level 6 in Unarmed Combat
  1785 | D:2      | Reached XP level 6. HP: 36/47 MP: 5/9
  1829 | D:2      | Found a runed door.
  1984 | D:2      | Learned a level 5 spell: Blade Hands
  2023 | D:2      | Found a shimmering altar of Xom.
  2026 | D:2      | Found a shimmering altar of Xom.
  2027 | D:2      | Found a shimmering altar of Xom.
  2036 | D:2      | Noticed Terence
  2046 | D:2      | Killed Terence
  2205 | D:2      | Reached ** piety under Cheibriados
  2257 | D:2      | Noticed Crazy Yiuf
  2260 | D:2      | Killed Crazy Yiuf
  2643 | D:3      | Killed Torious's ghost
  2755 | D:3      | Noticed Grinder
  2762 | D:3      | Killed Grinder
  2762 | D:3      | Reached skill level 7 in Unarmed Combat
  2762 | D:3      | Your scales start taking on a glossy black colour.
  2762 | D:3      | Reached XP level 7. HP: 52/52 MP: 4/10
  2762 | D:3      | Gained mutation: You are resistant to electric shocks. (rElec) [Black Draconian growth]
  2971 | D:4      | Reached skill level 5 in Transmutations
  3073 | D:4      | Found a staircase to the Ecumenical Temple.
  3120 | D:4      | Found a sparkling altar of Nemelex Xobeh.
  3456 | D:4      | Reached *** piety under Cheibriados
  3699 | D:5      | Entered Level 5 of the Dungeon
  3719 | D:5      | Reached skill level 8 in Unarmed Combat
  3783 | D:5      | Reached XP level 8. HP: 17/59 MP: 7/11
  3799 | D:5      | Slain by a centaur

Vault maps used:
D:1:      tarquinn_simple_flora_water_c, minivault_14, minmay_heptomino_w4
D:2:      xom_redecorated, chequers_ecumenical_altar_simple_redux, uniq_terence,
          uniq_jessica, uniq_robin, uniq_sigmund, uniq_crazy_yiuf_cottage
D:3:      first_bread, uniq_grinder
D:4:      lemuel_coloured_pillars_altar, temple_statues
D:5:      minmay_opposing_rooms, chequers_temple_overflow_minitemple

Skill      XL: |  1  2  3  4  5  6  7 |
---------------+----------------------+-----
Unarmed Combat | 4 6 7 8 |  8.3
Transmutations | 3 4 5 |  5.7
Fighting       | |  1.1
Dodging        | |  1.7
Spellcasting   | |  2.0

Action                   |  1- 3 |  4- 6 |  7- 9 || total
-------------------------+-------+-------+-------++-------
Melee: Unarmed           |   134 |   152 |    55 ||   341
       Kick              |    12 |     2 |       ||    14
       Tailslap          |    12 |     9 |     6 ||    27
       Punch             |     2 |     2 |     3 ||     7
       Headbutt          |     5 |     1 |       ||     6
 Cast: Beastly Appendage |    13 |     4 |       ||    17
       Spider Form       |       |    10 |     5 ||    15
       Blade Hands       |       |     1 |       ||     1
  Use: Scroll            |       |     7 |     3 ||    10
       Potion            |       |     2 |       ||     2
 Stab: Sleeping          |       |     6 |       ||     6
  Eat: Chunk             |       |     5 |     3 ||     8
Armor: Skin              |    38 |    45 |     7 ||    90
Dodge: Dodged            |    78 |    95 |    38 ||   211
